 Dungeon Crawl Stone Soup version 0.31-a0-631-g285b096dc4 (webtiles) character file.

Game seed: 10251560172851098065

133 HoaS the Shooter (level 4, 0/36 HPs)
             Began as a Demigod Hunter on Aug 26, 2023.
             Slain by a hound (2 damage)
             ... on level 3 of the Dungeon.
             The game lasted 00:04:45 (1395 turns).

HoaS the Shooter (Demigod Hunter)                   Turns: 1395, Time: 00:04:45

Health: 0/36       AC:  3    Str: 12    XL:     4   Next: 64%
Magic:  6/6        EV: 12    Int: 11    God:
Gold:   84         SH:  0    Dex: 21    Spells: 3/3 levels left

rFire   . . .        a - +3 shortbow (flame)
rCold   . . .        (shield currently unavailable)
rNeg    . . .        c - +0 leather armour
rPois   .            (no helmet)
rElec   .            (no cloak)
rCorr   .            (no gloves)
SInv    .            (no boots)
Will    .....        (no amulet)
Stlth   ++           h - ring of flight
HPRegen 0.26/turn    (no ring)
MPRegen 0.10/turn

%: no passive effects
@: flying
A: high MP 1, forlorn, divine attributes
a: no special abilities


You were on level 3 of the Dungeon.
You visited 1 branch of the dungeon, and saw 3 of its levels.

You collected 84 gold pieces.

Inventory:

Hand Weapons
 a - a +3 shortbow of flaming (weapon)
Armour
 c - a +0 leather armour (worn)
Jewellery
 h - a ring of flight (left hand)
 k - a ring of ice
Scrolls
 b - a scroll of butterflies
 f - a scroll of identify
 l - a scroll of revelation
Potions
 d - a potion of ambrosia
 e - a potion of enlightenment {unknown}
 g - a potion of heal wounds {unknown}
 i - a potion of invisibility {unknown}


   Skills:
 - Level 1.7 Fighting
 + Level 5.7 Ranged Weapons
 - Level 1.7 Dodging
 - Level 0.8 Stealth


You had 3 spell levels left.
You didn't know any spells.
Your spell library contained the following spells:

 Spells                   Type           Power      Damage    Failure   Level
 Vhi's Electric Charge    Tloc/Air       0%         N/A       80%         3
 Arcjolt                  Conj/Air       0%         1d10      100%        5
 Maxwell's Capacitive Co  Air            0%         ∞         100%        8


Dungeon Overview and Level Annotations

Branches:
Dungeon (3/15)


Innate Abilities, Weirdness & Mutations

You have an increased reservoir of magic. (+10% MP)
You shall have no god before yourself.
Your divine heritage dramatically boosts your attributes as you level up.


Message History

* * * LOW HITPOINT WARNING * * *
The orc misses you.
You feel better. The orc barely misses you. x2
You feel better. The orc closely misses you.
The orc hits you but does no damage.
The orc hits you with a +1 dagger of speed.
You shoot an arrow. The arrow barely misses the orc.
The orc hits you with a +1 dagger of speed.
The orc barely misses you.
You shoot an arrow.
The arrow hits the orc but does no damage.
The orc is heavily wounded.
The orc misses you. The orc closely misses you.
The orc hits you with a +1 dagger of speed.
You shoot an arrow. The arrow hits the orc.
The arrow burns the orc.
You kill the orc!
The orc hits you with a +1 dagger of speed.
The orc closely misses you.
You shoot an arrow. The arrow barely misses the orc.
The orc hits you with a +1 dagger of speed.
* * * LOW HITPOINT WARNING * * *
The orc hits you with a +1 dagger of speed.
* * * LOW HITPOINT WARNING * * *
You shoot an arrow. The arrow barely misses the orc.
The orc hits you with a +1 dagger of speed.
* * * LOW HITPOINT WARNING * * *
The orc hits you with a +1 dagger of speed.
* * * LOW HITPOINT WARNING * * *
You shoot an arrow. The arrow hits the orc!
The arrow burns the orc.
You kill the orc!
The hound closely misses you.
You shoot an arrow. The arrow barely misses the hound.
The hound misses you.
You shoot an arrow. The arrow hits the hound!
The arrow burns the hound.
The hound is heavily wounded.
The hound bites you but does no damage. The hound misses you.
You shoot an arrow. The arrow closely misses the hound.
The hound bites you but does no damage. The hound bites you.
* * * LOW HITPOINT WARNING * * *
You shoot an arrow. The arrow misses the hound.
The hound bites you.
You die...

##.......#.## ##...##
#########.# #####
##.## # #...# .# (
#...# #? .# #...# ##.
... #...# o. ....
#####...###### .#oo..#
............@##....#
............)h...#
.............##.......
###.#####.#### .>....#
#. #.# ......# . #.#
.....## # #.# .....†#
#.# ......# ..#
.#.....


You could see a hound.

Vanquished Creatures
  An orc priest (D:3)
  Jessica (D:2)
  An adder (D:2)
  A worm (D:2)
  4 dart slugs
  4 orcs (D:3)
  6 ball pythons
  7 endoplasms
  5 goblins
  2 hobgoblins (D:1)
  3 quokkas (D:2)
  4 bats
  3 frilled lizards
  6 kobolds
  6 rats
54 creatures vanquished.

Notes
Turn   | Place    | Note
-------+----------+-------------------------------------------
     0 | D:1      | HoaS the Demigod Hunter began the quest for the Orb.
     0 | D:1      | Reached XP level 1. HP: 17/17 MP: 3/3
    83 | D:1      | Reached skill level 4 in Ranged Weapons
    95 | D:1      | Reached XP level 2. HP: 20/24 MP: 4/4
   516 | D:1      | Reached XP level 3. HP: 29/29 MP: 5/5
   603 | D:2      | Noticed Jessica
   605 | D:2      | Killed Jessica
   606 | D:2      | Reached skill level 5 in Ranged Weapons
   872 | D:2      | Reached XP level 4. HP: 36/36 MP: 6/6
  1394 | D:3      | HP: 1/36 [hound (5)]
  1395 | D:3      | Slain by a hound

Illustrated notes

Levels and vault maps discovered:
D:1:      lemuel_arrival_rhombus, layout_basic
D:2:      layout_loops_cross, uniq_jessica
D:3:      layout_loops_cross, xom_confusion_cloud, zin_academy

Skill      XL: |  1  2  3 |
---------------+----------+-----
Ranged Weapons | 4 5 |  5.7
Fighting       | |  1.7
Dodging        | |  1.7
Stealth        | |  0.8

Action                     |  1- 3 |  4- 6 || total
---------------------------+-------+-------++-------
   Fire: Shortbow          |    91 |    38 ||   129
    Use: Scroll            |     6 |     5 ||    11
         Potion            |       |     2 ||     2
 Armour: Leather armour    |     4 |     4 ||     8
  Dodge: Dodged            |    16 |    18 ||    34

Table legend: (Time is in decaauts)
 A = Elapsed time spent in this place.
 B = Non-inter-level travel time spent in this place.
 C = Inter-level travel time spent in this place.
 D = Time resting spent in this place.
 E = Time spent auto-exploring this place.
 F = Levels seen in this place.
 G = Mean time per level.
                   A        B        C        D        E       F      G
               +--------+--------+--------+--------+--------+-----+--------+
         Total |   1419 |   1369 |     50 |     46 |   1042 |   3 |  473.0 |
       Dungeon |   1419 |   1369 |     50 |     46 |   1042 |   3 |  473.0 |
               +--------+--------+--------+--------+--------+-----+--------+

Top non-repeatable levels by time:
     D:2: 639 daAuts
     D:1: 574 daAuts
     D:3: 205 daAuts
